Map: Rorschach LE

Players

ShoWTimE - Winner!

  • Race: Protoss Protoss
  • Spawn Location: 5:00

lorimbo

  • Race: Zerg Zerg
  • League: Grandmaster
  • Spawn Location: 7:00

Event: HomeStory Cup XXIX

VOD

Have the link to the VOD?

Description

Time

  • Played on: July 3, 2026, 1:06 p.m.
  • Length: 6:00

All games in this series

Show
View Real Time Build Order
Export as new Build Order

ShoWTimE Protoss - Winner!

Build Orders:  

Get SALT Encoding   

  8  0:00  Probe (Chrono Boost)  
  9  0:12  Probe (Chrono Boost)  
  10  0:17  Probe (Chrono Boost)  
  11  0:26  Probe  
  12  0:34  Pylon  
  12  0:38  Probe  
  13  0:52  Probe  
  14  1:00  Gateway  
  14  1:05  Probe  
  14  1:06  Assimilator  
  15  1:17  Probe  
  16  1:29  Probe  
  17  1:41  Probe (Chrono Boost)  
  17  1:46  Nexus  
  18  1:53  Probe (Chrono Boost)  
  19  2:00  Cybernetics Core  
  19  2:02  Probe (Chrono Boost)  
  20  2:11  Pylon  
  20  2:14  Probe  
  21  2:20  Assimilator  
  21  2:29  Probe  
  22  2:33  Adept (Chrono Boost)  
  24  2:41  Probe  
  25  2:52  Stargate  
  25  2:53  Probe  
  25  2:59  Probe  
  25  3:02  Stalker (Chrono Boost)  
  25  3:05  Probe  
  29  3:11  Probe  
  30  3:12  Warp Gate  
  30  3:17  Probe  
  30  3:19  Shield Battery  
  31  3:23  Probe  
  34  3:29  Probe  
  35  3:35  Probe  
  35  3:36  Void Ray (Chrono Boost)  
  38  3:47  Gateway  
  38  3:54  Shield Battery  
  38  3:56  Pylon  
  37  4:13  Shield Battery  
  39  4:23  Gateway  
  39  4:25  Shield Battery  
  39  4:29  Probe x2  
  38  4:33  Pylon  
  38  4:36  Stalker  
  40  4:38  Stalker  
  40  4:43  Pylon  
  35  4:47  Probe  
  35  4:50  Probe  
  34  5:04  Adept  
  35  5:14  Gateway  
  35  5:20  Pylon  
  33  5:23  Adept  
  31  5:40  Probe  
  31  5:41  Pylon  
Show
View Real Time Build Order
Export as new Build Order

lorimbo Zerg 

Build Orders: Pool First 

Get SALT Encoding   

  8  0:00  Drone  
  9  0:10  Drone  
  10  0:16  Drone  
  11  0:22  Drone  
  12  0:32  Overlord  
  12  0:40  Extractor, Drone  
  13  0:51  Drone  
  13  0:52  Drone  
  15  1:01  Drone  
  16  1:07  Spawning Pool  
  15  1:12  Extractor  
  15  1:13  Drone  
  15  1:20  Drone  
  16  1:38  Hatchery  
  16  1:54  Zergling x4  
  16  1:58  Zergling x2  
  18  2:07  Roach Warren  
  17  2:16  Metabolic Boost  
  17  2:29  Overlord  
  17  2:31  Zergling x2  
  17  2:36  Overlord  
  18  2:50  Roach  
  18  2:51  Roach  
  22  2:55  Roach  
  24  3:02  Roach  
  26  3:13  Roach  
  26  3:16  Roach  
  30  3:29  Roach, Zergling x2  
  30  3:30  Zergling x2  
  34  3:40  Zergling x4  
  35  3:45  Spore Crawler  
  30  3:57  Zergling x6  
  32  4:03  Zergling x2  
  32  4:08  Zergling x2  
  34  4:16  Zergling x2  
  32  4:22  Ravager  
  31  4:25  Zergling x2  
  31  4:30  Zergling x2  
  33  4:36  Zergling x2  
  34  4:42  Zergling x4  
  30  4:54  Zergling x4  
  28  5:01  Zergling x2  
  28  5:11  Zergling x4  
  24  5:17  Zergling x2  
  22  5:23  Zergling x2  
  21  5:35  Zergling x6  
Tags
 
Add a new tag
Caveats
  • Supply blocks, unpowered buildings, or Contaminate may cause inaccurate times.
  • Supply counts are checked every 10 seconds.